 Dungeon Crawl Stone Soup version 0.27-a0-1144-g0b7d3b79db (webtiles) character file.

Game seed: 10884884484660065041

29 rageheart7 the Twirler (level 3, 0/29 HPs)
             Began as a Palentonga Gladiator on May 11, 2021.
             Slain by Sigmund
             ... wielding a +0 scythe
              (8 damage)
             ... on level 2 of the Dungeon.
             The game lasted 00:01:15 (1103 turns).

rageheart7 the Twirler (Palentonga Gladiator)       Turns: 1103, Time: 00:01:15

Health: 0/29       AC:  5    Str: 18    XL:     3   Next: 1%
Magic:  3/3        EV:  9    Int:  8    God:
Gold:   41         SH:  0    Dex: 11    Spells: 2/2 levels left

rFire    . . .     SeeInvis +   a - +0 quarterstaff
rCold    . . .     Faith    .   (shield currently unavailable)
rNeg     . . .     Spirit   .   b - +0 leather armour
rPois    .         Reflect  .   c - +0 helmet
rElec    .         Harm     .   (no cloak)
rCorr    .         Rampage  .   (no gloves)
Will     .....                  (no barding)
Stlth    +.........             (no amulet)
HPRegen  0.09/turn              (no ring)
MPRegen  0.08/turn              (no ring)

@: no status effects
A: large, rugged brown scales 3, see invisible, deformed body, roll 1, armoured
tail
a: Rolling Charge


You were on level 2 of the Dungeon.
You visited 1 branch of the dungeon, and saw 2 of its levels.

You collected 41 gold pieces.

Inventory:

Hand Weapons
 a - a +0 quarterstaff (weapon)
Missiles
 d - 3 throwing nets
Armour
 b - a +0 leather armour (worn)
 c - a +0 helmet (worn)
Jewellery
 g - a ring of ice
Scrolls
 e - a scroll of identify {unknown}
 f - a scroll of noise {unknown}


   Skills:
 * Level 2.8 Fighting
 * Level 3.6 Staves
 - Level 1.3 Throwing
 - Level 2.4 Dodging


You had 2 spell levels left.
You didn't know any spells.
Your spell library contained the following spells:

 Spells                   Type           Power      Damage    Failure   Level
 Corona                   Hex            0%         N/A       45%         1
 Ensorcelled Hibernation  Hex/Ice        0%         N/A       61%         2
 Confusing Touch          Hex            0%         N/A       83%         3
 Dazzling Flash           Conj/Hex       0%         N/A       83%         3
 Tukima's Dance           Hex            0%         N/A       83%         3


Dungeon Overview and Level Annotations

Branches:
Dungeon (2/15)

Altars:

Annotations:
D:2 Sigmund


Innate Abilities, Weirdness & Mutations

You are completely covered in rugged brown scales. (AC +3, +7% HP)
You have supernaturally acute eyesight. (SInv)
Armour fits poorly on your strangely shaped body.
You can roll at nearby foes to attack.
You have a long armoured tail.


Message History

The giant cockroach bites you but does no damage. x2
You sock the giant cockroach!
You kill the giant cockroach!
You sock the giant cockroach!
You kill the giant cockroach!
Sigmund hits you but does no damage.
You have reached level 3!
Your experience leads to an increase in your attributes!
Increase (S)trength, (I)ntelligence, or (D)exterity?
You feel stronger.
You aren't carrying any potions.
You roll forward with a clatter of scales!
You barely miss Sigmund. Sigmund barely misses you.
You barely miss Sigmund. Sigmund hits you but does no damage.
You closely miss Sigmund. Sigmund closely misses you.
You barely miss Sigmund. Sigmund closely misses you.
You hit Sigmund.
Sigmund is lightly wounded.
Sigmund hits you with a +0 scythe! Sigmund hits you with a +0 scythe.
You hit Sigmund but do no damage. You tail-slap Sigmund.
Sigmund is moderately wounded.
Sigmund casts a spell at you.
You are confused.
You're too confused to move!
Sigmund closely misses you.
You hit Sigmund.
Sigmund is heavily wounded.
Sigmund hits you with a +0 scythe.
You barely miss Sigmund.
Sigmund is heavily wounded.
Sigmund hits you but does no damage.
You're too confused to move!
Sigmund hits you with a +0 scythe.
* * * LOW HITPOINT WARNING * * *
You bump into the rock wall.
Sigmund says, "Look into my eyes."
Sigmund closely misses you.
You bump into the rock wall.
You feel less confused. Sigmund says, "I'm your fate."
Sigmund hits you with a +0 scythe!
You die...

#.# #.#
#.#
#.#####
#<....#
#####.#
#.# #.#
#@# #@#
........#
.###.#.##
# #. ..
[.. $..
#.$.


You could see Sigmund (invisible).

Vanquished Creatures
  2 ball pythons (D:1)
  An endoplasm (D:1)
  10 giant cockroaches (D:2)
  5 goblins (D:1)
  2 hobgoblins (D:1)
  A quokka (D:1)
  2 frilled lizards (D:1)
  A rat (D:1)
24 creatures vanquished.

Vanquished Creatures (others)
  4 toadstools (D:1)
4 creatures vanquished.

Grand Total: 28 creatures vanquished

Notes
Turn   | Place    | Note
-------+----------+-------------------------------------------
     0 | D:1      | rageheart7 the Palentonga Gladiator began the quest for the
                  | Orb.
     0 | D:1      | Reached XP level 1. HP: 17/17 MP: 1/1
   315 | D:1      | Reached XP level 2. HP: 21/24 MP: 2/2
  1072 | D:2      | Noticed Sigmund
  1092 | D:2      | Reached XP level 3. HP: 27/29 MP: 3/3
  1103 | D:2      | Slain by Sigmund

Illustrated notes

Levels and vault maps discovered:
D:1:      ldierk_water_garden, layout_basic
D:2:      minmay_roachtagon, layout_loops_ring,
          hellmonk_ecumenical_altar_prayer_group, kennysheep_generic_room_6,
          uniq_crazy_yiuf_cottage, uniq_sigmund

Action                   || total
-------------------------++-------
Melee: Quarterstaff      ||    58
       Tailslap          ||     6
 Abil: Rolling Charge    ||     7
Armor: Leather armour    ||    24
Dodge: Dodged            ||    19

Table legend: (Time is in decaauts)
 A = Elapsed time spent in this place.
 B = Non-inter-level travel time spent in this place.
 C = Inter-level travel time spent in this place.
 D = Time resting spent in this place.
 E = Time spent auto-exploring this place.
 F = Levels seen in this place.
 G = Mean time per level.
                   A        B        C        D        E       F      G
               +--------+--------+--------+--------+--------+-----+--------+
         Total |   1110 |   1083 |     27 |      0 |    949 |   2 |  555.0 |
       Dungeon |   1110 |   1083 |     27 |      0 |    949 |   2 |  555.0 |
               +--------+--------+--------+--------+--------+-----+--------+

Top non-repeatable levels by time:
     D:1: 1060 daAuts
     D:2: 49 daAuts
